Map: Lerilak Crest

Players

Forsaken

  • Race: Protoss Protoss
  • League: Platinum

LilDicky - Winner!

  • Race: Terran Terran
  • League: Diamond

VOD

http://www.twitch.tv/tumescentpie

Description

Time

  • Played on: Jan. 5, 2016, 7:46 p.m.
  • Length: 6:26
Show
View Real Time Build Order
Export as new Build Order

Forsaken Protoss 

Build Orders: 1 Gate Expand, Oracle Opening 

Get SALT Encoding   

  12  0:01  Probe (Chrono Boost)  
  13  0:11  Probe (Chrono Boost)  
  14  0:18  Pylon  
  14  0:22  Probe (Chrono Boost)  
  15  0:36  Probe (Chrono Boost)  
  15  0:37  Gateway  
  16  0:46  Probe (Chrono Boost)  
  17  0:50  Assimilator  
  17  0:57  Probe (Chrono Boost)  
  18  1:08  Probe (Chrono Boost)  
  19  1:22  Nexus  
  19  1:34  Cybernetics Core  
  19  1:35  Probe (Chrono Boost)  
  20  1:41  Assimilator  
  20  1:45  Probe (Chrono Boost)  
  21  1:54  Pylon  
  21  1:56  Probe (Chrono Boost)  
  22  2:13  Mothership Core (Chrono Boost)  
  24  2:19  Gateway  
  24  2:23  Pylon, Warp Gate (Chrono Boost)  
  24  2:37  Probe  
  25  2:45  Probe  
  25  2:49  Probe  
  27  2:55  Probe, Stargate  
  28  3:01  Probe  
  28  3:03  Pylon  
  29  3:06  Probe  
  30  3:14  Probe  
  30  3:16  Probe  
  32  3:20  Adept x2  
  32  3:26  Probe  
  37  3:33  Pylon  
  37  3:36  Pylon  
  37  3:38  Oracle (Chrono Boost)  
  40  3:49  Pylon  
  36  4:06  Assimilator  
  36  4:10  Robotics Facility, Assimilator  
  36  4:15  Probe x2  
  37  4:27  Probe x2  
  30  4:56  Observer (Chrono Boost)  
  30  4:58  Probe x2 (Chrono Boost)  
  32  5:10  Probe (Chrono Boost)  
  32  5:12  Probe (Chrono Boost)  
  32  5:13  Observer  
  34  5:21  Probe (Chrono Boost)  
  36  5:24  Probe (Chrono Boost)  
  37  5:36  Probe x2 (Chrono Boost)  
  39  5:47  Probe x2 (Chrono Boost)  
  41  5:52  Pylon  
  41  6:02  Sentry x2  
Show
View Real Time Build Order
Export as new Build Order

LilDicky Terran - Winner!

Build Orders: MMM Bio 

Get SALT Encoding   

  12  0:03  SCV  
  13  0:15  SCV  
  13  0:19  Supply Depot  
  14  0:27  SCV  
  15  0:35  Refinery  
  15  0:41  SCV  
  16  0:48  Barracks  
  16  0:53  SCV  
  17  1:05  SCV  
  18  1:17  SCV  
  19  1:41  SCV  
  21  1:59  Marine, Orbital Command  
  21  2:01  Supply Depot  
  21  2:02  Factory  
  21  2:13  Barracks  
  21  2:15  Barracks  
  21  2:24  Refinery  
  21  2:25  Barracks Reactor  
  21  2:29  SCV  
  22  2:48  SCV  
  23  3:00  SCV  
  23  3:01  Barracks Tech Lab x2  
  24  3:12  SCV  
  25  3:16  Widow Mine  
  27  3:24  SCV  
  27  3:25  Combat Shields, Marine x2  
  27  3:26  Stimpack, Marine  
  31  3:30  Supply Depot  
  31  3:33  Marine  
  32  3:35  Supply Depot  
  32  3:37  SCV  
  33  3:45  Widow Mine  
  34  3:49  SCV  
  34  3:51  Marauder, Marine x2  
  34  3:52  Marauder  
  41  4:00  Starport  
  41  4:03  SCV  
  42  4:11  Marine x2  
  42  4:15  Marauder  
  46  4:21  Marauder  
  38  4:38  Medivac  
  38  4:42  Marine  
  38  4:45  Marine  
  42  4:55  Marauder, Marine  
  42  4:59  Marine  
  45  5:04  Marine  
  47  5:12  Viking  
  47  5:14  SCV, Marauder  
  50  5:29  Widow Mine  
  50  5:31  Marauder, Marine  
  55  5:38  SCV, Marauder  
  56  5:52  Marauder  
Tags
 
Add a new tag
Caveats
  • Supply blocks, unpowered buildings, or Contaminate may cause inaccurate times.
  • Supply counts are checked every 10 seconds.